 Dungeon Crawl Stone Soup version 0.32-a0-616-g9348d4545b (webtiles) character file.

Game seed: 9387651492421236485

4 jasper the Ruffian (level 1, 0/13 HPs)
             Began as a Demonspawn Shapeshifter on Mar 5, 2024.
             Was a Follower of Hepliaklqana.
             Slain by a goblin
             ... wielding a +0 club
              (2 damage)
             ... on level 1 of the Dungeon.
             The game lasted 00:00:30 (324 turns).

jasper the Ruffian (Demonspawn Shapeshifter)         Turns: 324, Time: 00:00:31

Health: 0/13       AC:  2    Str: 14    XL:     1   Next: 50%
Magic:  1/1        EV:  2    Int: 10    God:    Hepliaklqana [*.....]
Gold:   2          SH:  0    Dex: 12    Spells: 0/0 levels left

rFire   . .          .
                       - Unarmed
rCold   . . .        (no shield)
rNeg    . . .        a - +0 animal skin
rPois   .            (helmet currently unavailable)
rElec   .            (cloak currently unavailable)
rCorr   .            (gloves currently unavailable)
SInv    .            (boots currently unavailable)
Will    .....        (no amulet)
Stlth   +            (no ring)
HPRegen 0.22/turn    (no ring)
MPRegen 0.07/turn

%: no passive effects
@: beast-form, constricted
A: beast (slay +1), reduced essence
a: Begin Untransformation, Renounce Religion, Recall Ancestor, Ancestor Identity


You were on level 1 of the Dungeon.
You worshipped Hepliaklqana.
Hepliaklqana was aware of your devotion.
You were a hulking beast.
You visited 1 branch of the dungeon, and saw 1 of its levels.

You collected 2 gold pieces.

Inventory:

Armour
 a - a +0 animal skin (worn)
Talismans
 c - a beast talisman (active)
 d - a flux talisman
Potions
 b - a potion of lignification


   Skills:
 + Level 1.2 Fighting
 + Level 1.9 Dodging
 + Level 2.8 Unarmed Combat
 - Level 2.6 Shapeshifting


You couldn't memorise any spells.
You didn't know any spells.
Your spell library was empty.

Dungeon Overview and Level Annotations

Branches:
Dungeon (1/15)

Altars:
Hepliaklqana


Message History

There is an open door, spattered with blood here.
You see here a hobgoblin corpse.
Search for what [? for help]? atlar Can't find anything matching that.
Search for what [Enter for "atlar", or ? for help]? altar
There is an open door, spattered with blood here.
You see here a hobgoblin corpse.
There is an open door here.
There is a faded altar of an unknown god here.
Health restored: 15 This altar belongs to (a) Hepliaklqana, (b) Beogh or (c) Ru, but you can't tell which.
Press the corresponding letter to learn more about a god, or press enter to convert or escape to cancel.
Hepliaklqana accepts your prayer! Hepliaklqana welcomes you!
Hepliaklqana forms a fragment of your life essence into the memory of your ancestor, Hihoeg!
You can now recall your ancestor.
You can now remember your ancestor's identity.
You take 2 damage, and have 13/13 hp.
You swap places.
There is an open door here.
You see here a +0 robe.
A giant cockroach comes into view.
A goblin and a ball python come into view.
Found 8 stones.
The ball python hisses angrily.
The goblin shouts!
The goblin hits you but does no damage.
Hihoeg hits the goblin.
The giant cockroach bites you. The goblin attacks as it pursues you!
The goblin completely misses you. The ball python bites you.
The ball python barely misses you.
You take 4 damage, and have 9/13 hp.
MASSIVE DAMAGE!!
You closely miss the giant cockroach. Your punch misses the giant cockroach.
The giant cockroach closely misses you. The ball python closely misses you.
The ball python grabs you. The ball python constricts you.
The goblin hits you with a +0 club. The giant cockroach bites you.
You take 4 damage, and have 5/13 hp.
MASSIVE DAMAGE!!
The ball python's grasp on you weakens, but your attempt to escape fails.
The ball python bites you. The ball python constricts you.
* * * LOW HITPOINT WARNING * * *
Hihoeg closely misses the goblin.
The goblin hits you with a +0 club.
You die...
Hepliaklqana delivers you to your ancestors.

#.. #.#...#.#
######
###.#...#.#
......
.......#.##
######
##.###(...#
######
....#.#...#
#..... #..###..#
#.####
#.B.S.#########.#
#hgR..........#
#.#############
###


You could see the friendly Hihoeg the ancestor, a giant cockroach, a goblin
(ally target) and a ball python.

Vanquished Creatures
  A hobgoblin (D:1)
  A jackal (D:1)
  A quokka (D:1)
3 creatures vanquished.

Notes
Turn   | Place    | Note
-------+----------+-------------------------------------------
     0 | D:1      | jasper the Demonspawn Shapeshifter began the quest for the
                  | Orb.
     0 | D:1      | Reached XP level 1. HP: 15/15 MP: 1/1
   162 | D:1      | Found a faded altar of an unknown god.
   277 | D:1      | Prayed at the altar of an unknown god.
   277 | D:1      | Became a worshipper of Hepliaklqana the Forgotten
   277 | D:1      | Reached * piety under Hepliaklqana
   324 | D:1      | Slain by a goblin

Illustrated notes

Levels and vault maps discovered:
D:1:      dpeg_arrival_brainrot, layout_basic,
          shapermc_ecumenical_altar_mp_vishouse, minmay_tetromino_t2

Action                     || total
---------------------------++-------
  Melee: Unarmed           ||    10
   Stab: Sleeping          ||     2
 Armour: Animal skin       ||    12
  Dodge: Dodged            ||     7

Table legend: (Time is in decaauts)
 A = Elapsed time spent in this place.
 B = Non-inter-level travel time spent in this place.
 C = Inter-level travel time spent in this place.
 D = Time resting spent in this place.
 E = Time spent auto-exploring this place.
 F = Levels seen in this place.
 G = Mean time per level.
                   A        B        C        D        E       F      G
               +--------+--------+--------+--------+--------+-----+--------+
         Total |    323 |    298 |     25 |      0 |    264 |   1 |  323.0 |
       Dungeon |    323 |    298 |     25 |      0 |    264 |   1 |  323.0 |
               +--------+--------+--------+--------+--------+-----+--------+

Top non-repeatable levels by time:
     D:1: 323 daAuts
